cohdb
Replays
Latest Replays
All Replays
Popular Replays
Top Player Replays
Match Explorer
How It Works
Community
CoH3 Stats
Reddit
Sign in to upload your games and track your stats! →
Sign in with Steam
Match 40177453
Unlisted
Match 40177453
Overview
Messages
Build Orders
End
Selects Australian Defense Battlegroup
Selects Australian Light Infantry Section
Australian Light Infantry Section
Construct Section Command Post
Dingo Light Scout Car
ML 3-inch Mortar Team
Infantry Section
Selects 2-pounder Anti-tank Gun Team
Royal Engineer Section
2-pounder Anti-tank Gun Team
Infantry Section
Construct Platoon Command Post
Grenade Package
CMP 15cwt Truck
Infantry Training
Humber Armored Car
Construct Company Command Post
Forward Retreat Point
Matilda II Heavy Tank
6-pounder Anti-tank Gun Team
Royal Engineer Section
Matilda II Heavy Tank
Selects CMP 15cwt Supply Run
Selects Reinforced Resource Caches
Selects Archer Tank Destroyer
Archer Tank Destroyer
Matilda II Heavy Tank
xmasjs
76561197987473845
zxcv
wpedsa
Mr.Faraam
Valdai
Французкий еврей
Sailor
0
0
Comments
sign in to comment!
No comments posted yet!